 Dungeon Crawl Stone Soup version 0.30-a0-1035-g38d5fb2972 (webtiles) character file.

Game seed: 3473004924231670675

182 MacCMillion the Chiller (level 5, -4/37 HPs)
             Began as a Gnoll Ice Elementalist on Apr 8, 2023.
             Slain by a mummy (12 damage)
             ... in an ossuary.
             The game lasted 00:07:35 (3124 turns).

MacCMillion the Chiller (Gnoll Ice Elementalist)    Turns: 3124, Time: 00:07:36

Health: -4/37      AC: 12    Str:  7    XL:     5   Next: 61%
Magic:  11/12      EV: 13    Int: 16    God:
Gold:   121        SH:  0    Dex: 13    Spells: 7/14 levels left

rFire   . . .      SeeInvis .    m - +0 dagger
rCold   . . .      Faith    .    (no shield)
rNeg    . . .      Spirit   .    B - +0 leather armour
rPois   .          Reflect  .    (no helmet)
rElec   .          Rampage  .    (no cloak)
rCorr   .                        (no gloves)
Will    .....                    (no boots)
Stlth   ++                       (no amulet)
HPRegen 0.26/turn                f - +4 ring of protection
MPRegen 0.13/turn                (no ring)

@: ice-armoured
A: fangs 1, strong nose, distributed training
a: no special abilities


You were in an ossuary.
You visited 1 branch of the dungeon, and saw 4 of its levels.
You also visited: Ossuary.

You collected 149 gold pieces.
You spent 28 gold pieces at shops.

Inventory:

Hand Weapons
 m - a +0 dagger (weapon)
Armour
 a - a +0 robe
 y - the +5 robe of Jumnuidi {Dex+5}
   (You found it on level 3 of the Dungeon)

   Dex:       It affects your dexterity (+5).
 B - a +0 leather armour (worn)
Magical Staves
 v - a staff of air
Jewellery
 f - a +4 ring of protection (left hand)
 k - a ring of poison resistance
 A - a +6 ring of strength
Scrolls
 d - 2 scrolls of fear {unknown}
 e - 2 scrolls of enchant weapon {unknown}
 g - a scroll of torment {unknown}
 h - a scroll of teleportation
 i - 5 scrolls of noise
 n - a scroll of magic mapping {unknown}
 o - 2 scrolls of fog {unknown}
 p - 2 scrolls of identify
 u - 2 scrolls of butterflies {unknown}
 w - a scroll of amnesia {unknown}
 x - a scroll of enchant armour {unknown}
Potions
 b - a potion of magic
 c - 2 potions of flight
 j - 2 potions of mutation {unknown}
 l - a potion of brilliance {unknown}
 q - a potion of haste {unknown}
 r - a potion of curing {unknown}
 s - a potion of berserk rage {unknown}
 t - a potion of lignification {unknown}
 z - 3 potions of degeneration


   Skills:
 + Level 1.6 Fighting
 + Level 1.6 Short Blades
 + Level 1.6 Long Blades
 + Level 1.6 Axes
 + Level 1.6 Maces & Flails
 + Level 1.6 Polearms
 + Level 1.6 Staves
 + Level 1.6 Ranged Weapons
 + Level 1.6 Throwing
 + Level 1.6 Armour
 + Level 4.8 Dodging
 + Level 4.4 Stealth
 + Level 1.6 Shields
 + Level 1.6 Unarmed Combat
 + Level 5.2 Spellcasting
 + Level 1.3 Conjurations
 + Level 1.3 Hexes
 + Level 1.3 Summonings
 + Level 1.3 Necromancy
 + Level 1.3 Translocations
 + Level 1.3 Transmutations
 + Level 1.3 Fire Magic
 + Level 7.2 Ice Magic
 + Level 1.3 Air Magic
 + Level 1.3 Earth Magic
 + Level 1.3 Poison Magic
 + Level 1.8 Invocations
 + Level 1.6 Evocations


You had 7 spell levels left.
You knew the following spells:

 Your Spells              Type           Power      Damage    Failure   Level
a - Freeze                Ice            100%       1d10      1%          1
b - Frozen Ramparts       Ice            54%        1d9       3%          3
c - Ozocubu's Armour      Ice            27%        N/A       3%          3

Your spell library contained the following spells:

 Spells                   Type           Power      Damage    Failure   Level
 Summon Ice Beast         Ice/Summ       17%        N/A       36%         4


Dungeon Overview and Level Annotations

Branches:
Dungeon (4/15)            Ossuary (1/1)
 Temple: D:4-7

Altars:
Uskayaw
Zin

Shops:
D:1 ?   D:3 *


Innate Abilities, Weirdness & Mutations

You have very sharp teeth.
Your uncanny sense of smell can sniff out nearby items.
Your experience applies equally to all skills.


Message History

Found 2 potions of flight, a brown potion and a potion of degeneration.
Casting: Freeze (safe; 1% risk of failure)
Confirm with . or Enter, or press ? or * to list all spells.
A film of ice covers your body!
You hit the mummy but do no damage. You hit the mummy but do no damage.
The mummy hits you.
You hit the mummy but do no damage. You bite the mummy, but do no damage.
The mummy hits you.
You hit the mummy but do no damage. You hit the mummy but do no damage.
The mummy barely misses you.
You barely miss the mummy. You closely miss the mummy. The mummy hits you.
You barely miss the mummy. The mummy hits you!
You hit the mummy.
The mummy is lightly damaged.
You barely miss the mummy.
The mummy is lightly damaged.
The mummy closely misses you.
You barely miss the mummy.
The mummy is lightly damaged.
You hit the mummy.
The mummy is lightly damaged.
The mummy barely misses you.
You hit the mummy but do no damage.
The mummy is lightly damaged.
You hit the mummy.
The mummy is moderately damaged.
The mummy hits you but does no damage.
You hit the mummy. You bite the mummy, but do no damage.
The mummy is moderately damaged.
You barely miss the mummy.
The mummy is moderately damaged.
The mummy hits you!
* * * LOW HITPOINT WARNING * * *
You barely miss the mummy.
The mummy is moderately damaged.
You hit the mummy. Your punch misses the mummy.
The mummy is moderately damaged.
The mummy hits you!
You die...

#M## ##### ∆!!.
#...# ∆∆..! ∆ ∆
#...# #.# ∆ ##.##
#.# ###.# ###'###
#.'.## ##.....##
###..###.......##
#.'...#@M.......#
###...'....⌠....+
#.'...#.........#
###..###...^...##
#.'.## ##.....##
###.# ###'### #^#
#.# !!! ##.## ∆
!!?# #.∩.# ∆


You could see a mummy.

Vanquished Creatures
  A centaur zombie (Ossuary)
  An orc priest (D:3)
  2 adders
  A gnoll (D:1)
  4 worms
  5 dart slugs
  4 orcs (D:3)
  3 endoplasms
  2 giant cockroaches (D:1)
  4 goblins (D:1)
  2 hobgoblins (D:1)
  4 jackals (D:3)
  9 kobolds
  3 quokkas
  5 ball pythons
  8 bats
  3 frilled lizards
  A goblin zombie (Ossuary)
  2 kobold zombies (Ossuary)
  3 rats
  A rat zombie (D:4)
68 creatures vanquished.

Vanquished Creatures (others)
  4 plants (D:2)
4 creatures vanquished.

Grand Total: 72 creatures vanquished

Notes
Turn   | Place    | Note
-------+----------+-------------------------------------------
     0 | D:1      | MacCMillion the Gnoll Ice Elementalist began the quest for
                  | the Orb.
     0 | D:1      | Reached XP level 1. HP: 13/13 MP: 6/6
   101 | D:1      | Reached XP level 2. HP: 20/20 MP: 4/7
   477 | D:1      | Found a faded altar of an unknown god.
   619 | D:1      | Found Lief's Magic Scroll Shop.
   630 | D:1      | Bought a scroll of identify for 28 gold pieces
   715 | D:1      | Reached skill level 5 in Spellcasting
   715 | D:1      | Reached XP level 3. HP: 25/25 MP: 6/9
   732 | D:1      | Reached skill level 1 in Invocations
   800 | D:1      | Learned a level 3 spell: Frozen Ramparts
   804 | D:1      | Learned a level 3 spell: Ozocubu's Armour
  1070 | D:2      | Reached skill level 1 in Fighting
  1070 | D:2      | Reached skill level 1 in Short Blades
  1070 | D:2      | Reached skill level 1 in Long Blades
  1070 | D:2      | Reached skill level 1 in Axes
  1070 | D:2      | Reached skill level 1 in Maces & Flails
  1070 | D:2      | Reached skill level 1 in Polearms
  1070 | D:2      | Reached skill level 1 in Staves
  1070 | D:2      | Reached skill level 1 in Ranged Weapons
  1070 | D:2      | Reached skill level 1 in Throwing
  1070 | D:2      | Reached skill level 1 in Armour
  1070 | D:2      | Reached skill level 1 in Shields
  1070 | D:2      | Reached skill level 1 in Unarmed Combat
  1070 | D:2      | Reached skill level 1 in Evocations
  1393 | D:2      | Reached XP level 4. HP: 24/32 MP: 8/11
  2071 | D:3      | Reached skill level 1 in Conjurations
  2071 | D:3      | Reached skill level 1 in Hexes
  2071 | D:3      | Reached skill level 1 in Summonings
  2071 | D:3      | Reached skill level 1 in Necromancy
  2071 | D:3      | Reached skill level 1 in Translocations
  2071 | D:3      | Reached skill level 1 in Transmutations
  2071 | D:3      | Reached skill level 1 in Fire Magic
  2071 | D:3      | Reached skill level 1 in Air Magic
  2071 | D:3      | Reached skill level 1 in Earth Magic
  2071 | D:3      | Reached skill level 1 in Poison Magic
  2367 | D:3      | Reached XP level 5. HP: 14/37 MP: 8/12
  2472 | D:3      | Found a glowing silver altar of Zin.
  2474 | D:3      | Found Zin's Purification Station.
  2628 | D:3      | Found a hide-covered altar of Uskayaw.
  2643 | D:3      | Identified the +5 robe of Jumnuidi {Dex+5}
  3002 | D:4      | Found a sand-covered staircase.
  3021 | Ossuary  | Entered an ossuary
  3124 | Ossuary  | Slain by a mummy

Illustrated notes

Levels and vault maps discovered:
D:1:      saegor_arrival_simple_c, layout_loops_cross, serial_shops,
          shop_scrolls, chequers_ecumenical_altar_simple_redux
D:2:      cheibrodos_old_hovel, layout_loops_ring
D:3:      layout_loops_ring, nicolae_uskayaw_suspiria, zin_purify
D:4:      layout_rooms, nicolae_qazlal_style_of_elements,
          hellmonk_okawaru_the_only_friend_you_need, enter_ossuary_3,
          portal_sewer_entry_b
Ossuary:  ossuary_crypta

Skill      XL: |  1  2  3  4 |
---------------+-------------+-----
Spellcasting   | 5 |  5.2
Invocations    | 1 |  1.8
Fighting       | 1 |  1.6
Short Blades   | 1 |  1.6
Long Blades    | 1 |  1.6
Axes           | 1 |  1.6
Maces & Flails | 1 |  1.6
Polearms       | 1 |  1.6
Staves         | 1 |  1.6
Ranged Weapons | 1 |  1.6
Throwing       | 1 |  1.6
Armour         | 1 |  1.6
Shields        | 1 |  1.6
Unarmed Combat | 1 |  1.6
Evocations     | 1 |  1.6
Conjurations   | 1 |  1.3
Hexes          | 1 |  1.3
Summonings     | 1 |  1.3
Necromancy     | 1 |  1.3
Translocations | 1 |  1.3
Transmutations | 1 |  1.3
Fire Magic     | 1 |  1.3
Air Magic      | 1 |  1.3
Earth Magic    | 1 |  1.3
Poison Magic   | 1 |  1.3
Dodging        | |  4.8
Stealth        | |  4.4
Ice Magic      | |  7.2

Action                     |  1- 3 |  4- 6 || total
---------------------------+-------+-------++-------
  Melee: Unarmed           |     3 |       ||     3
         Bite              |     1 |     5 ||     6
         Dagger            |    11 |    40 ||    51
         Punch             |       |     1 ||     1
   Cast: Freeze            |    44 |    23 ||    67
         Frozen Ramparts   |       |     6 ||     6
         Ozocubu's Armour  |       |     1 ||     1
    Use: Scroll            |     3 |       ||     3
   Stab: Sleeping          |     8 |     8 ||    16
 Armour: Robe              |     7 |     9 ||    16
         Leather armour    |       |     4 ||     4
  Dodge: Dodged            |    23 |    24 ||    47

Table legend: (Time is in decaauts)
 A = Elapsed time spent in this place.
 B = Non-inter-level travel time spent in this place.
 C = Inter-level travel time spent in this place.
 D = Time resting spent in this place.
 E = Time spent auto-exploring this place.
 F = Levels seen in this place.
 G = Mean time per level.
                   A        B        C        D        E       F      G
               +--------+--------+--------+--------+--------+-----+--------+
         Total |   3120 |   2951 |    169 |    338 |   1869 |   5 |  624.0 |
       Dungeon |   3019 |   2850 |    169 |    326 |   1845 |   4 |  754.8 |
       Ossuary |    100 |    100 |      0 |     12 |     24 |   1 |  100.0 |
               +--------+--------+--------+--------+--------+-----+--------+

Top non-repeatable levels by time:
     D:1: 1098 daAuts
     D:2: 997 daAuts
     D:3: 836 daAuts
 Ossuary: 100 daAuts
     D:4: 86 daAuts
